 Dungeon Crawl Stone Soup version 0.17.1-1-g73c8601 (webtiles) character file.

207 JustSomeDude the Ruffian (level 5, 0/46 HPs)
             Began as a Ghoul Monk on Dec 17, 2015.
             Slain by a hound (1 damage)
             ... on level 4 of the Dungeon.
             The game lasted 00:08:11 (2029 turns).

JustSomeDude the Ruffian (Ghoul Monk)               Turns: 2029, Time: 00:08:11

Health: 0/46       AC:  3    Str: 15    XL:     5   Next: 85%
Magic:  4/4        EV: 13    Int:  5    God:
Gold:   82         SH:  0    Dex: 12    Spells: 0 memorised, 4 levels left

rFire  . . .     SeeInvis .       - Unarmed
rCold  + . .     Clarity  .     a - +0 robe
rNeg   + + +     SustAt   .     (no shield)
rPois  ∞         Gourm    .     (no helmet)
rElec  .         Spirit   .     (no cloak)
rCorr  .         Warding  .     (no gloves)
rMut   .         Stasis   .     i - +0 pair of boots
MR     .....                    (no amulet)
Stlth  ++........               (no ring)
                                c - ring of poison resistance

@: rotting, not resistant to hostile enchantments, unstealthy
A: rotting body, claws 1, carnivore 3, cold resistance 1, negative energy
resistance 3, slow regeneration 1, torment resistance, unbreathing
a: no special abilities


You were on level 4 of the Dungeon.
You were not hungry.

You visited 1 branch of the dungeon, and saw 4 of its levels.

You collected 82 gold pieces.

Inventory:

Armour
 a - a +0 robe (worn)
 i - a +0 pair of boots (worn)
Jewellery
 c - a ring of poison resistance (left claw)
Scrolls
 d - 2 scrolls of teleportation {unknown}
 e - a scroll of magic mapping {unknown}
 g - a scroll of enchant armour {unknown}
 h - 4 scrolls of identify {unknown}
 m - a scroll of remove curse {unknown}
 n - a scroll of recharging {unknown}
 q - a scroll of fog {unknown}
Potions
 j - a potion of haste {unknown}
 o - a potion of lignification {unknown}
 p - a potion of brilliance {unknown}
Comestibles
 b - 2 meat rations
 k - a slice of pizza
 l - a beef jerky


   Skills:
 + Level 4.2 Fighting
 + Level 3.9 Dodging
 + Level 3.5 Stealth
 + Level 5.5 Unarmed Combat


You had 4 spell levels left.
You didn't know any spells.

Dungeon Overview and Level Annotations

Branches:
Dungeon (4/15)
 Temple: D:4-7

Altars:


Innate Abilities, Weirdness & Mutations

Your body is rotting away.
You thrive on raw meat.
You are immune to poison.
You have sharp fingernails.
You are carnivorous and can eat meat at any time.
Your flesh is cold resistant.
You are immune to negative energy.
You regenerate slowly when monsters are visible.
You are immune to unholy pain and torment.
You can survive without breathing.


Message History

This raw flesh tastes great!
The hound closely misses you. The hound closely misses you.
You continue eating.
The hound bites you. The phantom hits you.
* * * LOW HITPOINT WARNING * * *
You continue eating.
The hound misses you. x2
The phantom hits you!
* * * LOW HITPOINT WARNING * * *
Eat which item? (? for menu, Esc to quit)
You don't have any such object.
Eat which item? (? for menu, Esc to quit)
You can't eat that!
Eat which item? (? for menu, Esc to quit)
The hound misses you.
The phantom blinks!
You continue eating.
The hound bites you.
* * * LOW HITPOINT WARNING * * *
The hound bites you.
You die...

.......# #.# ####...#
#.# .......# #.#
###....#######.########
..#[..>................
#.#............####....
..#.....#####...(.# .
###...............#
................@h#
.##.............§†..#
.##...............#W..#
.###..............##.##
..................# .#
####..............# #
#..............#
#.........######
###########


You could see a phantom and a hound.

Vanquished Creatures
  A hound (D:4)
  Jessica (D:3)
  Natasha (D:3)
  5 adders
  3 oozes
  3 worms (D:2)
  A giant gecko (D:3)
  5 goblins
  7 hobgoblins
  8 jackals
  8 kobolds
  A quokka (D:3)
  A ball python (D:3)
  6 bats
  3 giant cockroaches
  6 giant newts
  3 rats
63 creatures vanquished.

Notes
Turn   | Place    | Note
--------------------------------------------------------------
     0 | D:1      | JustSomeDude the Ghoul Monk began the quest for the Orb.
     0 | D:1      | Reached XP level 1. HP: 19/19 MP: 0/0
   113 | D:1      | Reached XP level 2. HP: 8/26 MP: 1/1
   684 | D:2      | Reached skill level 5 in Unarmed Combat
   768 | D:2      | Reached XP level 3. HP: 28/28 MP: 2/2
  1082 | D:2      | Reached XP level 4. HP: 30/39 MP: 3/3
  1554 | D:3      | Noticed Natasha
  1562 | D:3      | Killed Natasha
  1692 | D:3      | Reached XP level 5. HP: 44/46 MP: 4/4
  1743 | D:3      | Noticed Jessica
  1928 | D:3      | Killed Jessica
  2002 | D:4      | Noticed a phantom
  2029 | D:4      | HP: 1/46 [hound (6)]
  2029 | D:4      | Slain by a hound

Action                   |  1- 3 |  4- 6 || total
-------------------------+-------+-------++-------
Melee: Unarmed           |   102 |   110 ||   212
  Use: Potion            |     1 |       ||     1
 Stab: Sleeping          |     5 |     6 ||    11
  Eat: Chunk             |    11 |    10 ||    21
       Meat ration       |       |     1 ||     1
